 Dungeon Crawl Stone Soup version 0.26-a0-20-g5f92b90fa0 (webtiles) character file.

Game seed: 4743836556193063790, levelgen mode: deterministic

5341 Heefz the Cleaver (level 10, -1/80 HPs)
             Began as a Minotaur Fighter on May 25, 2020.
             Was a Believer of Trog.
             Slain by a two-headed ogre
             ... wielding a +0 giant club
              (17 damage)
             ... on level 10 of the Dungeon.
             The game lasted 00:20:54 (8549 turns).

Heefz the Cleaver (Minotaur Fighter)                Turns: 8549, Time: 00:20:55

Health: -1/80      AC: 18    Str: 24    XL:     10   Next: 38%
Magic:  9/9        EV:  6    Int:  5    God:    Trog [**....]
Gold:   411        SH: 12    Dex: 10    Spells: 9/9 levels left

rFire    + . .     SeeInvis .   a - +1 war axe
rCold    + . .     Gourm    .   c - +0 kite shield
rNeg     . . .     Faith    .   M - +0 plate armour
rPois    .         Spirit   .   (helmet restricted)
rElec    .         Reflect  .   D - scarf {rC+ rF+}
rCorr    .         Harm     .   (no gloves)
MR       +....                  (no boots)
Stlth    ..........             A - amulet of the acrobat
HPRegen  0.23/turn              i - +4 ring of protection
MPRegen  0.11/turn              m - ring of protection from magic

@: mighty
A: retaliatory headbutt, horns 2
a: Berserk, Trog's Hand, Renounce Religion


You were on level 10 of the Dungeon.
You worshipped Trog.
Trog was pleased with you.
You were not hungry.

You visited 1 branch of the dungeon, and saw 10 of its levels.

You collected 411 gold pieces.

Inventory:

Hand Weapons
 a - a +1 war axe (weapon)
 b - a +0 halberd of venom
 p - a +1 vampiric whip
 J - a +0 arbalest
Missiles
 r - 14 boomerangs (quivered)
Armour
 c - a +0 kite shield (worn)
 D - a scarf of resistance (worn)
 M - a +0 plate armour (worn)
Jewellery
 i - a +4 ring of protection (left hand)
 m - a ring of protection from magic (right hand)
 A - an amulet of the acrobat (around neck)
 H - a +4 ring of protection
 L - a +4 ring of evasion {unknown}
Wands
 v - a wand of clouds (6)
 w - a wand of acid (4)
 F - a wand of iceblast (12)
 I - a wand of random effects (37)
Scrolls
 e - 3 scrolls of amnesia
 n - 5 scrolls of teleportation
 o - 5 scrolls of enchant weapon
 q - 3 scrolls of magic mapping
 s - 6 scrolls of remove curse
 u - 3 scrolls of identify
 y - 2 scrolls of vulnerability {unknown}
 C - 2 scrolls of fog
 K - a scroll of blinking {unknown}
Potions
 d - a potion of might
 g - 2 potions of degeneration
 h - 4 potions of lignification
 j - a potion of cancellation {unknown}
 k - a potion of berserk rage {unknown}
 l - a potion of curing
 t - 2 potions of flight {unknown}
 x - 2 potions of resistance
 z - a potion of heal wounds {unknown}
 B - a potion of mutation {unknown}
 E - 2 potions of magic {unknown}
 G - a potion of invisibility {unknown}
Comestibles
 f - 14 rations


   Skills:
 + Level 4.9 Fighting
 + Level 12.8 Axes
 + Level 9.3 Armour
 + Level 10.1 Shields


You had 9 spell levels left.
You didn't know any spells.
Your spell library contained the following spells:

 Spells                   Type           Power        Failure   Level  Hunger
 Beastly Appendage        Tmut           #.....       100%        1    ##.....
 Magic Dart               Conj           #...         100%        1    ##.....
 Blink                    Tloc           N/A          100%        2    ###....
 Call Imp                 Summ           #.......     100%        2    ###....
 Slow                     Hex            #.......     100%        2    ###....
 Sticks to Snakes         Tmut           #.......     100%        2    ###....
 Conjure Flame            Conj/Fire      #.......     100%        3    ####...
 Mephitic Cloud           Conj/Pois/Air  #.......     100%        3    ####...
 Spider Form              Tmut/Pois      #.........   100%        3    ####...
 Ice Form                 Ice/Tmut       #.......     100%        4    #####..
 Blade Hands              Tmut           #.........   100%        5    ######.


Dungeon Overview and Level Annotations

Branches:
Dungeon (10/15)            Temple (0/1) D:7            Lair (0/6) D:8
    Orc: D:9-12

Altars:
Dithmenos
Elyvilon
Trog
Wu Jian
Xom
The Shining One


Innate Abilities, Weirdness & Mutations

You reflexively headbutt those who attack you in melee.
You have a pair of horns on your head.


Message History

You block the necrophage's attack. You block the yak's attack.
The two-headed ogre hits you with a +0 giant club!!
* * * LOW HITPOINT WARNING * * *
The two-headed ogre hits you with a +0 giant club!
* * * LOW HITPOINT WARNING * * *
The killer bee stings you but does no damage.
You feel better. You block the killer bee's attack.
The necrophage hits you but does no damage.
You block the yak's attack. The killer bee stings you.
* * * LOW HITPOINT WARNING * * *
The two-headed ogre hits you but does no damage.
You block the two-headed ogre's attack.
You feel better. You block the killer bee's attack.
The necrophage barely misses you. You block the yak's attack.
The killer bee stings you but does no damage.
You feel better. The killer bee barely misses you.
You block the necrophage's attack. The yak gores you!
* * * LOW HITPOINT WARNING * * *
The two-headed ogre hits you with a +0 giant club!
You die...

#.....#######.......#
#...................#
....................#
.....................#
......................#
.......................#
.......c.†..........#
#.....ynO...........#
.......@YY..........#
##+##############...#
#...# #...# #y#.# #OY.#
....# ..##.# ... .#


You could see a two-headed ogre, 2 yaks, a necrophage, a centaur and a killer
bee.

Vanquished Creatures
  A two-headed ogre (D:8)
  A manticore (D:9)
  A komodo dragon (D:8)
  A hippogriff (D:8)
  A yak (D:10)
  A wraith (D:10)
  A hungry ghost (D:9)
  3 water moccasins
  3 orc warriors
  A sky beast (D:8)
  2 necrophages (D:9)
  2 ice beasts (D:7)
  A phantom (D:9)
  A centaur (D:7)
  Blork the orc (D:6)
  A big kobold (D:7)
  A gnoll sergeant (D:9)
  4 bullfrogs
  2 killer bees (D:10)
  4 howler monkeys
  3 crimson imps
  3 jellies
  A centaur zombie (D:8)
  A bullfrog zombie (D:9)
  4 hounds
  4 orc priests
  A centaur skeleton (D:4)
  8 orc wizards
  A bullfrog skeleton (D:8)
  4 iguanas
  13 worker ants
  A killer bee zombie (D:7)
  3 hound skeletons
  A howler monkey zombie (D:6)
  2 worker ant zombies
  7 adders
  6 gnolls
  A shadow imp (D:6)
  An ooze (D:6)
  An adder zombie (D:7)
  3 worms
  3 dart slugs
  5 leopard geckos
  25 orcs
  2 ball pythons
  5 bats
  8 giant cockroaches
  2 goblins (D:2)
  5 hobgoblins
  5 jackals
  8 quokkas
  5 frilled lizards
  A jackal zombie (D:8)
  10 kobolds
  A leopard gecko skeleton (D:4)
  2 leopard gecko zombies (D:7)
  3 rats
192 creatures vanquished.

Vanquished Creatures (others)
  A quokka (D:8)
  A plant (D:8)
2 creatures vanquished.

Grand Total: 194 creatures vanquished

Notes
Turn   | Place    | Note
-------+----------+-------------------------------------------
     0 | D:1      | Heefz the Minotaur Fighter began the quest for the Orb.
     0 | D:1      | Reached XP level 1. HP: 19/19 MP: 0/0
   286 | D:1      | Reached skill level 3 in Axes
   418 | D:1      | Reached XP level 2. HP: 23/26 MP: 1/1
   971 | D:2      | Reached XP level 3. HP: 23/31 MP: 2/2
  1101 | D:2      | Reached skill level 4 in Axes
  1473 | D:2      | Reached XP level 4. HP: 25/39 MP: 3/3
  2069 | D:3      | Reached skill level 5 in Axes
  2184 | D:3      | Found a glowing golden altar of the Shining One.
  2335 | D:3      | Reached skill level 5 in Shields
  2335 | D:3      | Reached XP level 5. HP: 45/45 MP: 4/4
  2561 | D:4      | Reached skill level 6 in Axes
  2797 | D:4      | Reached XP level 6. HP: 51/51 MP: 5/5
  3234 | D:5      | Entered Level 5 of the Dungeon
  3370 | D:5      | Reached skill level 7 in Axes
  3503 | D:5      | Reached XP level 7. HP: 37/57 MP: 6/6
  4172 | D:6      | Reached skill level 8 in Axes
  4216 | D:6      | Reached skill level 5 in Armour
  4256 | D:6      | Noticed Blork the orc
  4263 | D:6      | Killed Blork the orc
  4917 | D:7      | Reached XP level 8. HP: 47/64 MP: 7/7
  5045 | D:7      | Found a bloodstained altar of Trog.
  5070 | D:7      | Became a worshipper of Trog the Wrathful
  5100 | D:7      | Reached skill level 9 in Axes
  5191 | D:7      | Found a staircase to the Ecumenical Temple.
  5258 | D:7      | Found a shimmering altar of Xom.
  5260 | D:7      | Found a shimmering altar of Xom.
  5308 | D:7      | Found a shimmering altar of Xom.
  5310 | D:7      | Found a shimmering altar of Xom.
  5440 | D:7      | Reached skill level 10 in Axes
  5822 | D:8      | Found a staircase to the Lair.
  5823 | D:8      | Noticed a komodo dragon
  5838 | D:8      | Killed a komodo dragon
  5838 | D:8      | Reached XP level 9. HP: 20/70 MP: 8/8
  6101 | D:8      | Reached skill level 11 in Axes
  6342 | D:8      | Found an ornate altar of the Wu Jian Council.
  6405 | D:8      | Noticed a two-headed ogre
  6420 | D:8      | Killed a two-headed ogre
  6420 | D:8      | Reached * piety under Trog
  6878 | D:8      | Reached skill level 12 in Axes
  6953 | D:8      | Found a white marble altar of Elyvilon.
  7125 | D:9      | Found a shadowy altar of Dithmenos.
  7462 | D:9      | Reached XP level 10. HP: 77/77 MP: 9/9
  8126 | D:9      | Noticed a manticore
  8138 | D:9      | Killed a manticore
  8305 | D:9      | Reached ** piety under Trog
  8345 | D:10     | Entered Level 10 of the Dungeon
  8517 | D:10     | Noticed a two-headed ogre
  8540 | D:10     | Reached skill level 10 in Shields
  8549 | D:10     | Slain by a two-headed ogre

Illustrated notes

Levels and vault maps discovered:
D:1:      dpeg_arrival_arbitrary_c, layout_basic
D:2:      layout_basic
D:3:      layout_basic, tso_metal_star
D:4:      layout_loops_ring
D:5:      layout_rooms, first_ration
D:6:      layout_basic, uniq_blork_the_orc
D:7:      layout_loops_ring, nicolae_overflow_crystal_walls, xom_redecorated,
          temple_statues
D:8:      layout_basic, elyvilon_altar_4, david_lair_shrubbed, basic_altar,
          serial_bayou_pond_e
D:9:      layout_basic, nicolae_dithmenos_shadow_blocks
D:10:     layout_stronghold

Skill      XL: |  1  2  3  4  5  6  7  8  9 10 |
---------------+-------------------------------+-----
Axes           | 3 4 5 6 7 8 10 12 | 12.8
Shields        | 4 5 6 8 9 10 | 10.1
Armour         | 4 5 7 8 9 |  9.3
Fighting       | 4 |  4.9

Action                   |  1- 3 |  4- 6 |  7- 9 | 10-12 || total
-------------------------+-------+-------+-------+-------++-------
Melee: War axe           |    93 |   127 |   296 |    92 ||   608
       Headbutt          |    10 |    23 |    56 |    15 ||   104
  Use: Scroll            |     7 |     3 |     4 |       ||    14
       Potion            |       |     1 |     4 |     4 ||     9
  Eat: Chunk             |     2 |     3 |     8 |     3 ||    16
       Ration            |       |     1 |     2 |       ||     3
Armor: Scale mail        |    51 |    53 |    74 |       ||   178
       Plate armour      |       |       |     9 |    58 ||    67
Dodge: Dodged            |    35 |    34 |    90 |    52 ||   211
Block: Kite shield       |    53 |    71 |   132 |    78 ||   334

Table legend:
 A = Non-vault XP
 B = Vault XP
 C = Vault XP percentage of total XP
 D = Non-vault monster count
 E = Vault monster count
 F = Vault count percentage of total count
                 A         B        C        D         E       F
            +---------+---------+-------+---------+---------+-------
      Total |    7147 |     483 |   6.3 |     190 |       2 |   1.0
            +---------+---------+-------+---------+---------+-------
        D:1 |      23 |       0 |   0.0 |      12 |       0 |   0.0
        D:2 |     117 |       0 |   0.0 |      27 |       0 |   0.0
        D:3 |      94 |       0 |   0.0 |      13 |       0 |   0.0
        D:4 |     287 |       0 |   0.0 |      12 |       0 |   0.0
        D:5 |     335 |       0 |   0.0 |      17 |       0 |   0.0
        D:6 |     302 |     100 |  24.9 |      17 |       1 |   5.6
        D:7 |    1123 |       0 |   0.0 |      31 |       0 |   0.0
        D:8 |    1981 |     383 |  16.2 |      18 |       1 |   5.3
        D:9 |    2130 |       0 |   0.0 |      36 |       0 |   0.0
       D:10 |     755 |       0 |   0.0 |       7 |       0 |   0.0
            +---------+---------+-------+---------+---------+-------
